 Seeded DCSS version 0.26.1-15-g04117e645d (webtiles) character file.

Game seed: 498736 (custom seed)

75 ty64800 the Cutter (level 4, 0/33 HPs)
             Began as a Human Gladiator on Apr 14, 2022.
             Slain by a quokka (1 damage)
             ... on level 2 of the Dungeon.
             The game lasted 00:12:12 (2222 turns).

ty64800 the Cutter (Human Gladiator)                Turns: 2222, Time: 00:12:13

Health: 0/33       AC:  5    Str: 16    XL:     4   Next: 55%
Magic:  0/4        EV:  8    Int:  8    God:
Gold:   69         SH: 11    Dex: 14    Spells: 3/3 levels left

rFire    . . .     SeeInvis .   a - +1 rapier
rCold    . . .     Faith    .   o - +0 tower shield
rNeg     . . .     Spirit   +   b - +0 leather armour
rPois    .         Reflect  .   c - +0 helmet
rElec    .         Harm     .   (no cloak)
rCorr    .         Rampage  .   j - +0 pair of gloves
Will     .....                  (no boots)
Stlth    +.........             g - amulet of guardian spirit
HPRegen  0.11/turn              (no ring)
MPRegen  0.09/turn              (no ring)

@: no status effects
A: no striking features
a: no special abilities


You were on level 2 of the Dungeon.
You visited 1 branch of the dungeon, and saw 2 of its levels.

You collected 69 gold pieces.

Inventory:

Hand Weapons
 a - a +1 rapier (weapon)
 f - a +0 whip
Missiles
 d - 3 throwing nets (quivered)
 h - 5 javelins
Armour
 b - a +0 leather armour (worn)
 c - a +0 helmet (worn)
 j - a +0 pair of gloves (worn)
 l - a +0 kite shield
 o - a +0 tower shield (worn)
Jewellery
 g - an amulet of guardian spirit (around neck)
Scrolls
 e - a scroll of teleportation
 i - a scroll of remove curse
Potions
 k - a potion of brilliance
 n - 2 potions of heal wounds


   Skills:
 + Level 2.2 Fighting
 + Level 3.9 Short Blades
 + Level 2.0 Throwing
 + Level 0.8 Armour
 + Level 3.6 Dodging
 + Level 1.0 Stealth
 + Level 0.2 Shields


You had 3 spell levels left.
You didn't know any spells.
Your spell library was empty.

Dungeon Overview and Level Annotations

Branches:
Dungeon (2/15)

Altars:


Message History

The quokka bites you but does no damage.
You hit the goblin but do no damage.
The goblin is moderately wounded.
The leopard gecko bites you. The goblin barely misses you.
You block the quokka's attack.
You hit the goblin.
The goblin is severely wounded.
The quokka bites you. The leopard gecko misses you.
The goblin barely misses you. The worm bites you.
You closely miss the goblin.
The goblin is severely wounded.
The quokka barely misses you. You block the leopard gecko's attack.
The goblin hits you but does no damage. The worm bites you but does no damage.
You block the leopard gecko's attack. The quokka barely misses you.
You closely miss the goblin.
The goblin is severely wounded.
The ogre hits you with a +0 giant club!
* * * LOW HITPOINT WARNING * * *
You block the goblin's attack. The quokka bites you.
You die...

#...........(..# #
########...##########
#>...................
#.######...##########
#.########## .
#.##........ ##
#.##g.......
#.##lw......
#...@gl.....
####Or......
#........ #........
#........ #########


You could see an ogre, a worm, a leopard gecko, a quokka, 2 goblins and a
frilled lizard.

Vanquished Creatures
  A gnoll (D:1)
  An adder (D:2)
  2 oozes
  A worm (D:2)
  2 leopard geckos
  4 bats
  3 giant cockroaches (D:1)
  4 hobgoblins
  8 jackals (D:1)
  A ball python (D:2)
  5 frilled lizards
  6 goblins
  2 kobolds (D:1)
  2 rats (D:1)
42 creatures vanquished.

Notes
Turn   | Place    | Note
-------+----------+-------------------------------------------
     0 | D:1      | ty64800 the Human Gladiator began the quest for the Orb.
     0 | D:1      | Reached XP level 1. HP: 16/16 MP: 1/1
   105 | D:1      | Reached XP level 2. HP: 16/22 MP: 2/2
   235 | D:1      | Reached XP level 3. HP: 25/27 MP: 3/3
  1976 | D:2      | Reached XP level 4. HP: 33/33 MP: 4/4
  2108 | D:2      | Reached skill level 1 in Stealth
  2214 | D:2      | Noticed an ogre
  2222 | D:2      | HP: 1/33 [ogre/+0 giant club (12)]
  2222 | D:2      | Slain by a quokka

Illustrated notes

Levels and vault maps discovered:
D:1:      psy_arrival_terrarium, layout_basic
D:2:      layout_basic, marbit_many_paths

Skill      XL: |  1  2  3  4 |
---------------+-------------+-----
Stealth        | 1 |  1.0
Fighting       | |  2.2
Short Blades   | |  3.9
Throwing       | |  2.0
Armour         | |  0.8
Dodging        | |  3.6
Shields        | |  0.2

Action                   |  1- 3 |  4- 6 || total
-------------------------+-------+-------++-------
Melee: Rapier            |    81 |    43 ||   124
  Use: Scroll            |     3 |     4 ||     7
       Potion            |     2 |       ||     2
 Stab: Sleeping          |     2 |       ||     2
Armor: Leather armour    |    46 |    17 ||    63
Dodge: Dodged            |    64 |    23 ||    87
Block: Kite shield       |    22 |     2 ||    24
       Tower shield      |       |    21 ||    21
